 Dungeon Crawl Stone Soup version 0.28-a0-1412-gf95308ed99 (webtiles) character file.

Game seed: 6761240925019994959

5233 fragbeetle the Grappler (level 10, -1/99 HPs)
             Began as a Grey Draconian Transmuter on Jan 6, 2022.
             Slain by a wolf (9 damage)
             ... led by Grum
             ... on level 9 of the Dungeon.
             The game lasted 00:32:20 (7999 turns).

fragbeetle the Grappler (Grey Draconian Transmuter) Turns: 7999, Time: 00:32:20

Health: -1/99      AC:  7    Str: 15    XL:     10   Next: 35%
Magic:  8/15       EV: 15    Int: 14    God:
Gold:   524        SH:  0    Dex: 13    Spells: 3/16 levels left

rFire   x . .      SeeInvis .     - Unarmed
rCold   + + +      Faith    .   (shield currently unavailable)
rNeg    . . .      Spirit   .   (armour unavailable)
rPois   +          Reflect  .   (helmet currently unavailable)
rElec   .          Harm     .   (cloak currently unavailable)
rCorr   .          Rampage  .   (gloves currently unavailable)
Will    .....                   (boots currently unavailable)
Stlth   +.........              (no amulet)
HPRegen 0.26/turn               I - +4 ring of evasion
MPRegen 0.14/turn               f - ring of wizardry

@: ice-form
A: freezing attack, boosted hp, AC +12, amphibious, large, unfitting armour,
(cold-blooded)
a: End Transformation


You were on level 9 of the Dungeon.
You were a creature of crystalline ice.
You visited 2 branches of the dungeon, and saw 10 of its levels.
You also visited: Sewer.

You collected 689 gold pieces.
You spent 165 gold pieces at shops.

Inventory:

Hand Weapons
 q - the +0 flail "Zuhaj" {drain, Int+5}
   (You found it in a sewer)

   A truly terrible weapon, it drains the life of any living foe it strikes.
   Int:       It affects your intelligence (+5).
Missiles
 e - 218 stones
 r - 7 boomerangs
 A - a throwing net
 B - 23 poisoned darts
Armour
 d - a scarf of invisibility (melded)
 F - an orb of energy
Magical Staves
 p - a staff of air
Jewellery
 b - a ring of ice
 c - a +6 ring of intelligence
 f - a ring of wizardry (right front paw)
 t - a ring of poison resistance
 I - a +4 ring of evasion (left front paw)
Wands
 s - a wand of flame (88)
 C - a wand of iceblast (17)
Scrolls
 a - 3 scrolls of teleportation
 h - 3 scrolls of enchant armour
 k - 2 scrolls of fog
 m - a scroll of brand weapon
 u - 2 scrolls of blinking
 v - 3 scrolls of amnesia
 w - a scroll of enchant weapon {unknown}
 x - 2 scrolls of magic mapping
 y - a scroll of immolation {unknown}
Potions
 g - 4 potions of heal wounds
 i - 3 potions of curing
 j - 2 potions of berserk rage
 l - a potion of mutation
 n - a potion of ambrosia
 o - 2 potions of haste
 z - a potion of brilliance
 D - 2 potions of resistance
 E - a potion of magic {unknown}
 G - a potion of might {unknown}
 H - a potion of lignification {unknown}


   Skills:
 + Level 5.9 Fighting
 + Level 5.3 Dodging
 * Level 8.5 Unarmed Combat
 + Level 3.7 Spellcasting
 + Level 6.2 Transmutations
 + Level 6.0 Ice Magic
 + Level 5.2 Poison Magic


You had 3 spell levels left.
You knew the following spells:

 Your Spells              Type           Power      Damage    Failure   Level
a - Beastly Appendage     Tmut           40%        N/A       1%          1
b - Spider Form           Tmut/Pois      18%        N/A       2%          3
c - Ice Form              Ice/Tmut       19%        N/A       6%          4
d - Frozen Ramparts       Ice            38%        1d5       1%          3
e - Wereblood             Tmut           20%        N/A       1%          2

Your spell library contained the following spells:

 Spells                   Type           Power      Damage    Failure   Level
 Apportation              Tloc           4%         N/A       9%          1
 Gell's Gravitas          Tloc           2%         N/A       24%         3
 Lesser Beckoning         Tloc           2%         N/A       24%         3
 Teleport Other           Tloc           2%         N/A       24%         3
 Alistair's Intoxication  Tmut/Pois      12%        N/A       21%         5
 Summon Ice Beast         Ice/Summ       11%        N/A       22%         4


Dungeon Overview and Level Annotations

Branches:
Dungeon (9/15)             Temple (1/1) D:6           Sewer (visited)
   Lair: D:8-11         Orc: D:9-12

Altars:
Ashenzari
Cheibriados
Dithmenos
Elyvilon
Fedhas
Hepliaklqana
Kikubaaqudgha
Makhleb
Nemelex Xobeh
Qazlal
Ru
Sif Muna
Trog
Uskayaw
Vehumet
Wu Jian
Xom
Yredelemnul
Zin
The Shining One

Shops:
D:1 =   D:2 ?   D:7 *   D:8 ?=(

Annotations:
D:4 Duvessa
D:6 1 runed translucent door, ragingrage's ghost, amateur DgWn
D:9 2 transporters, Grum; Maurice


Innate Abilities, Weirdness & Mutations

You are a creature of crystalline ice.
You have a powerful freezing melee attack.
Your maximum health is increased.
Your armour is entirely melded.
You are incapable of wielding weapons or throwing items.
((Your dull iron-grey scales are very hard. (AC +12)))
You are amphibious.
You cannot fit into any form of body armour.
((You are cold-blooded and may be slowed by cold attacks.))


Message History

The wolf closely misses you.
You punch the wolf! You freeze the wolf.
The wolf is severely wounded.
The wall freezes the wolf.
The wolf barely misses you.
The wall freezes the wolf.
The wolf bites you.
Grum points his finger and shouts, "Pluto!
Sic 'em!"
The wall freezes the wolf.
You barely miss the wolf.
The wolf is heavily wounded.
The wall freezes the wolf.
The wolf bites you!
The wall freezes the wolf.
The wolf bites you.
The wall freezes the wolf.
The wolf misses you.
You hit the wolf but do no damage.
The wolf is almost dead.
The wall freezes the wolf.
The wolf bites you!
The wall freezes the wolf.
The wolf bites you!
The wall freezes the wolf.
You kill the wolf!
The wall freezes Grum.
Grum closely misses you. The wolf misses you.
You barely miss the wolf.
The wolf is lightly wounded.
The wall freezes the wolf.
The wolf misses you. The wolf closely misses you.
The wall freezes the wolf.
The wolf barely misses you.
You pummel the wolf!! You freeze the wolf.
You kill the wolf!
The wolf barely misses you.
The wall freezes Grum.
Grum hits you from afar with a +1 glaive of holy wrath!
* * * LOW HITPOINT WARNING * * *
Your frozen ramparts will break if you move.
Continue?
The frozen ramparts melt away as you move.
The wolf barely misses you. x2
You closely miss the wolf.
The wolf is lightly wounded.
The wolf bites you.
* * * LOW HITPOINT WARNING * * *
Grum hits you from afar with a +1 glaive of holy wrath!
* * * LOW HITPOINT WARNING * * *
The wolf barely misses you. x2
The wolf closely misses you.
There is an open door here.
The wolf bites you!
You die...

############ #.....
#..........# #......
#######..........### .......
.................... .......
.................######......
.................#....'..♣
.....<...........#..)))).♣
.................h....#......♣
+#..............Y#....#hgh....
#...............#....#.......
#..(............#######......
#.(..#######..........##.....
#....# ....########....##....
#....#○..○.#.○..○.#.....##..)
##....#.°°..#......#......##
......#YZ...+.#.#..#.......#
.....©#©$○.○+..!©.○#©.......


You could see a wolf.

Vanquished Creatures
  Pikel (D:7)
  Eustachio (D:5)
  A wyvern (D:9)
  A steam dragon (D:8)
  Menkaure (D:5)
  2 water moccasins
  Pargi (Sewer)
  An ice beast (D:7)
  2 sky beasts
  A hornet zombie (D:8)
  2 black bears (D:6)
  7 ogres
  3 necrophages
  3 wolves (D:9)
  2 phantoms
  3 lemures (D:7)
  A kobold brigand (D:8)
  2 bullfrogs
  A gnoll sergeant (D:9)
  A scorpion (D:5)
  2 water moccasin zombies (D:6)
  A wyvern skeleton (D:6)
  Dowan (D:4)
  2 water moccasin skeletons
  7 howler monkeys
  4 bullfrog zombies (D:6)
  4 hounds
  A bullfrog skeleton (D:6)
  A centaur zombie (D:8)
  2 centaur skeletons (D:6)
  9 orc priests
  Jessica (D:3)
  Ijyb (D:3)
  Terence (D:3)
  3 iguanas
  4 orc wizards
  3 killer bee zombies
  A hound zombie (D:5)
  A hound skeleton (D:4)
  2 howler monkey zombies
  4 gnolls (D:9)
  A howler monkey skeleton (D:3)
  3 adders
  4 white imps
  4 worms
  3 dart slugs
  25 orcs
  7 ball pythons
  4 endoplasms
  6 giant cockroaches
  8 goblins
  3 hobgoblins
  8 quokkas
  10 bats
  4 frilled lizards
  13 kobolds
  3 rats
198 creatures vanquished.

Vanquished Creatures (others)
  An orc wizard (D:7)
  A withered plant (D:6)
2 creatures vanquished.

Grand Total: 200 creatures vanquished

Notes
Turn   | Place    | Note
-------+----------+-------------------------------------------
     0 | D:1      | fragbeetle the Draconian Transmuter began the quest for the
                  | Orb.
     0 | D:1      | Reached XP level 1. HP: 16/16 MP: 3/3
   171 | D:1      | Reached XP level 2. HP: 20/23 MP: 3/5
   175 | D:1      | Found Duereim's Jewellery Emporium.
   413 | D:1      | Found a faded altar of an unknown god.
   893 | D:2      | Reached XP level 3. HP: 26/28 MP: 4/6
   897 | D:2      | Learned a level 3 spell: Spider Form
  1057 | D:2      | Found Ejitad's Magic Scroll Shoppe.
  1070 | D:2      | Bought a scroll of identify for 20 gold pieces
  1070 | D:2      | Bought a scroll of teleportation for 30 gold pieces
  1517 | D:3      | Noticed Jessica
  1526 | D:3      | Killed Jessica
  1527 | D:3      | Reached XP level 4. HP: 19/36 MP: 5/7
  1556 | D:3      | Found a glowing drain.
  1662 | Sewer    | Entered a sewer
  1700 | Sewer    | Noticed Pargi
  1717 | Sewer    | Killed Pargi
  1718 | Sewer    | Reached skill level 4 in Unarmed Combat
  1718 | Sewer    | Reached skill level 1 in Poison Magic
  1718 | Sewer    | Reached XP level 5. HP: 14/41 MP: 5/8
  1740 | Sewer    | Identified the +0 flail "Zuhaj" {drain, Int+5}
  2138 | D:3      | Noticed Ijyb
  2146 | D:3      | Killed Ijyb
  2234 | D:3      | Learned a level 4 spell: Ice Form
  2423 | D:3      | Found a glowing golden altar of the Shining One.
  2466 | D:3      | Noticed Terence
  2477 | D:3      | Killed Terence
  2478 | D:3      | Reached XP level 6. HP: 44/50 MP: 6/9
  2609 | D:3      | Reached skill level 1 in Ice Magic
  2895 | D:4      | Noticed Dowan
  2896 | D:4      | Noticed Duvessa
  3445 | D:4      | Your scales start taking on a dull iron-grey colour.
  3445 | D:4      | Reached XP level 7. HP: 50/56 MP: 8/10
  3477 | D:4      | Reached skill level 5 in Unarmed Combat
  3563 | D:5      | Entered Level 5 of the Dungeon
  3731 | D:5      | Noticed Menkaure
  3942 | D:5      | Reached XP level 8. HP: 63/63 MP: 6/11
  3947 | D:5      | Noticed Eustachio
  4000 | D:5      | Killed Eustachio
  4001 | D:5      | Reached skill level 6 in Unarmed Combat
  4264 | D:5      | Found a basalt altar of Yredelemnul.
  4267 | D:5      | You fall into a shaft and drop 3 floors!
  4295 | D:7      | Found a blossoming altar of Fedhas.
  4431 | D:7      | Learned a level 3 spell: Frozen Ramparts
  4799 | D:5      | Killed Menkaure
  4800 | D:5      | Reached skill level 5 in Transmutations
  5088 | D:6      | Found a staircase to the Ecumenical Temple.
  5094 | Temple   | Entered the Ecumenical Temple
  5296 | D:6      | Reached XP level 9. HP: 72/72 MP: 8/12
  5422 | D:6      | Reached skill level 5 in Ice Magic
  5435 | D:6      | Reached skill level 7 in Unarmed Combat
  5584 | D:6      | Found a runed translucent door.
  5588 | D:6      | Noticed ragingrage's ghost (amateur DgWn)
  5905 | D:6      | Reached skill level 5 in Fighting
  6184 | D:4      | Killed Dowan
  6424 | D:7      | Noticed Pikel
  6640 | D:7      | Found a snail-covered altar of Cheibriados.
  6896 | D:7      | Found Singeux's Elemental Accessories.
  7035 | D:7      | Learned a level 2 spell: Wereblood
  7185 | D:8      | Found Udokuh's Jewellery Shoppe.
  7195 | D:8      | Reached skill level 5 in Dodging
  7204 | D:8      | Reached skill level 8 in Unarmed Combat
  7211 | D:8      | Reached XP level 10. HP: 81/81 MP: 12/15
  7238 | D:7      | Killed Pikel
  7239 | D:7      | Reached skill level 5 in Poison Magic
  7268 | D:8      | Found Maebbofa's Antique Weapon Boutique.
  7352 | D:8      | Found Boyj's Magic Scroll Shop.
  7371 | D:8      | Bought a scroll of amnesia for 35 gold pieces
  7371 | D:8      | Bought a scroll of fog for 20 gold pieces
  7493 | D:8      | Noticed a two-headed ogre
  7788 | D:8      | Bought a scroll of identify for 20 gold pieces
  7788 | D:8      | Bought a scroll of identify for 20 gold pieces
  7788 | D:8      | Bought a scroll of identify for 20 gold pieces
  7847 | D:9      | Noticed Maurice
  7880 | D:9      | Found a transporter.
  7905 | D:9      | Found a transporter.
  7984 | D:9      | Noticed Grum
  7999 | D:9      | Slain by a wolf

Illustrated notes

Levels and vault maps discovered:
D:1:      minmay_arrival_three_doors, layout_basic,
          chequers_ecumenical_altar_lobes, serial_shops, shop,
          lemuel_old_faithful
D:2:      layout_basic, serial_shops, shop, serial_park_tiny_2,
          chequers_serial_rivers_small_b
D:3:      layout_rooms, amcnicky_altar_gilded, gup_sewer_entry_pipe,
          moated_statue, uniq_jessica, uniq_terence, uniq_ijyb
D:4:      layout_rooms, serial_park_tiny_2, uniq_duvessa
D:5:      layout_basic, yredelemnul_altar_generic, uniq_menkaure, uniq_eustachio
D:6:      layout_loops_cross, minmay_temple_entry_hall, serial_undead,
          serial_undead_a, serial_undead_d, serial_undead_c, serial_undead_e,
          ebering_ghost_reflecting_pool, nicolae_concentric_dashed_squares_mild,
          grunt_ministairs_9
D:7:      layout_basic, cheibrodos_worm_habitat, mainiacjoe_overflow_24_doors,
          nicolae_elemental_shop, uniq_pikel
D:8:      layout_gridville, serial_shops, shop_fountains,
          nicolae_lakefront_shop, shop, kennysheep_generic_room_9
D:9:      gammafunk_cloud_chamber, layout_irregular_city,
          mainiacjoe_overflow_alcove_2, okawaru_trees_2, kennysheep_cross_room,
          uniq_maurice, uniq_grum
Temple:   nicolae_temple_elliptical

Skill      XL: |  1  2  3  4  5  6  7  8  9 10 |
---------------+-------------------------------+-----
Dodging        | 2 3 4 5 |  5.3
Transmutations | 3 4 5 6 |  6.2
Fighting       | 2 3 4 5 |  5.9
Unarmed Combat | 4 5 6 8 |  8.5
Poison Magic   | 1 2 3 4 5 |  5.2
Ice Magic      | 1 3 4 5 6 |  6.0
Spellcasting   | 3 |  3.7

Action                   |  1- 3 |  4- 6 |  7- 9 | 10-12 || total
-------------------------+-------+-------+-------+-------++-------
Melee: Unarmed           |    76 |   142 |   273 |    79 ||   570
       Kick              |    21 |    20 |     5 |       ||    46
       Headbutt          |    12 |     9 |     3 |       ||    24
       Tailslap          |     6 |     1 |     3 |       ||    10
       Punch             |     2 |       |     2 |       ||     4
Throw: Dart              |       |       |       |     2 ||     2
 Cast: Beastly Appendage |    21 |    10 |     6 |       ||    37
       Spider Form       |       |    14 |       |     2 ||    16
       Ice Form          |       |       |    31 |     5 ||    36
       Frozen Ramparts   |       |       |       |     2 ||     2
 Abil: End Transformatio |       |       |       |     1 ||     1
  Use: Scroll            |     2 |     1 |     6 |     7 ||    16
       Potion            |       |       |     1 |       ||     1
Armor: Skin              |    19 |    30 |    62 |     9 ||   120
Dodge: Dodged            |    40 |   100 |   101 |    54 ||   295

Table legend: (Time is in decaauts)
 A = Elapsed time spent in this place.
 B = Non-inter-level travel time spent in this place.
 C = Inter-level travel time spent in this place.
 D = Time resting spent in this place.
 E = Time spent auto-exploring this place.
 F = Levels seen in this place.
 G = Mean time per level.
                   A        B        C        D        E       F      G
               +--------+--------+--------+--------+--------+-----+--------+
         Total |   7970 |   7567 |    403 |   1209 |   2436 |  11 |  724.5 |
       Dungeon |   7540 |   7137 |    403 |   1044 |   2346 |   9 |  837.8 |
        Temple |    163 |    163 |      0 |      0 |     90 |   1 |  163.0 |
         Sewer |    265 |    265 |      0 |    165 |      0 |   1 |  265.0 |
               +--------+--------+--------+--------+--------+-----+--------+

Top non-repeatable levels by time:
     D:5: 1357 daAuts
     D:3: 1182 daAuts
     D:6: 1098 daAuts
     D:7: 999 daAuts
     D:1: 818 daAuts
     D:4: 763 daAuts
     D:2: 694 daAuts
     D:8: 489 daAuts
   Sewer: 265 daAuts
  Temple: 163 daAuts
     D:9: 136 daAuts
